 Dungeon Crawl Stone Soup version 0.31.0-4-g52a2dc7128 (webtiles) character file.

Game seed: 11071523677015047760

581 MollyMolluskus the Ruffian (level 7, -5/48 HPs)
             Began as an Octopode Fighter on Jan 21, 2024.
             Slain by Pikel
             ... wielding a +0 whip of electrocution
              (15 damage)
             ... on level 4 of the Dungeon.
             The game lasted 00:13:24 (2678 turns).

MollyMolluskus the Ruffian (Octopode Fighter)       Turns: 2678, Time: 00:13:26

Health: -5/48      AC:  3    Str: 18    XL:     7   Next: 36%
Magic:  0/7        EV: 13    Int: 12    God:
Gold:   198        SH:  5    Dex: 11    Spells: 6/6 levels left

rFire   . .          .
                       - Unarmed
rCold   + . .        a - +1 buckler
rNeg    . . .        e - +2 hat of the Teaching Gods {rC+ Int+2}
rPois   .            i - amulet of guardian spirit
rElec   .            (no ring)
rCorr   .            (no ring)
SInv    .            (no ring)
Will    .....        (no ring)
Stlth   +++          (no ring)
HPRegen 0.28/turn    (no ring)
MPRegen 0.10/turn    (no ring)
                     (no ring)

%: guardian spirit
@: no status effects
A: almost no armour, amphibious, 8 rings, camouflage 1, gelatinous body 1,
(nimble swimmer 1), tentacles
a: no special abilities


You were on level 4 of the Dungeon.
You visited 1 branch of the dungeon, and saw 4 of its levels.

You collected 198 gold pieces.

Inventory:

Missiles
 d - 23 stones (quivered)
 l - 4 poisoned darts
Armour
 a - a +1 buckler (worn)
 e - the +2 hat of the Teaching Gods (worn) {rC+ Int+2}
   (You acquired it on level 2 of the Dungeon)

   Int+2:     It affects your intelligence (+2).
   rC+:       It protects you from cold.
Jewellery
 i - an amulet of guardian spirit (around mantle)
Talismans
 f - a serpent talisman
Wands
 h - a wand of iceblast (8)
Scrolls
 g - 2 scrolls of teleportation
 j - a scroll of fear
Potions
 b - a potion of enlightenment
 c - a potion of haste
 k - a potion of heal wounds


   Skills:
 + Level 4.1 Fighting
 + Level 4.0 Dodging
 + Level 3.7 Stealth
 + Level 4.0 Shields
 * Level 4.4 Unarmed Combat
 + Level 2.1 Evocations
 + Level 1.8 Shapeshifting


You had 6 spell levels left.
You didn't know any spells.
Your spell library was empty.

Dungeon Overview and Level Annotations

Branches:
Dungeon (4/15)
 Temple: D:4-7

Altars:
Gozag
Ru

Shops:
D:1 (

Annotations:
D:4 Pikel


Innate Abilities, Weirdness & Mutations

You cannot wear most types of armour.
You are amphibious.
You can wear up to eight rings at the same time.
Your skin changes colour to match your surroundings (Stealth+).
Your rubbery body absorbs attacks. (AC +1, EV +1)
((You are camouflaged when in or above water. (Stealth+)))
You have tentacles for arms and can constrict up to eight enemies at once.


Message History

Pikel is lightly wounded.
You block Pikel's attack.
You tentacle-slap Pikel. Your grab misses Pikel. Your squeeze misses Pikel.
Pikel is lightly wounded.
You block Pikel's attack. The lemure hits you.
You tentacle-slap Pikel but do no damage.
You grab Pikel.
Pikel is lightly wounded.
You constrict Pikel, but do no damage.
Pikel hits you with a +0 whip of electrocution!
The lemure barely misses you. The lemure hits you.
You bludgeon Pikel!
Pikel is moderately wounded.
You constrict Pikel, but do no damage.
Pikel hits you with a +0 whip of electrocution.
You are electrocuted!
The lemure hits you. The lemure completely misses you.
You tentacle-slap Pikel. You squeeze Pikel!
Pikel is heavily wounded.
You constrict Pikel. You block Pikel's attack. You block the lemure's attack.
The lemure closely misses you.
You feel much better.
You constrict Pikel. Pikel misses you. The lemure hits you.
The lemure hits you but does no damage.
You tentacle-slap Pikel but do no damage.
Pikel is severely wounded.
You constrict Pikel.
Pikel hits you with a +0 whip of electrocution.
You tentacle-slap Pikel.
Pikel is severely wounded.
You constrict Pikel. The lemure hits you. The lemure hits you!
Pikel barely misses you. The lemure hits you.
* * * LOW HITPOINT WARNING * * *
The lemure completely misses you.
You tentacle-slap Pikel but do no damage.
Pikel is almost dead.
You constrict Pikel.
Pikel hits you with a +0 whip of electrocution.
* * * LOW HITPOINT WARNING * * *
You are electrocuted!
You die...
Pikel says, "Another soul for the market."

##### ####### #...## #.^...#
#)...##
##.##.######@K...############
#..........55#..####...###.. ##
##.........###..###....###.. .#
#.........# #..###....###.. .#
#.).......###..##..#...#... .#
##...........##..#†.##.....# .#
#..........#####....###...##
.#####.###.)##########...###...##
........##.## #......#######...##


You could see Pikel and 2 lemures.

Vanquished Creatures
  Grinder (D:3)
  A lemure (D:4)
  2 hounds
  A jelly (D:4)
  2 iguanas
  3 orc wizards (D:4)
  Ijyb (D:4)
  Robin (D:4)
  4 adders
  2 dart slugs (D:1)
  8 orcs
  7 ball pythons
  4 bats
  10 endoplasms
  3 giant cockroaches
  7 hobgoblins
  6 kobolds
  6 quokkas
  2 frilled lizards
  19 goblins
  4 rats
94 creatures vanquished.

Notes
Turn   | Place    | Note
-------+----------+-------------------------------------------
     0 | D:1      | MollyMolluskus the Octopode Fighter began the quest for the
                  | Orb.
     0 | D:1      | Reached XP level 1. HP: 16/16 MP: 1/1
    70 | D:1      | Found Wasiu's Weapon Boutique.
   107 | D:1      | Reached XP level 2. HP: 16/21 MP: 2/2
   109 | D:1      | Found a faded altar of an unknown god.
   124 | D:1      | Reached skill level 1 in Stealth
   190 | D:1      | Reached XP level 3. HP: 23/26 MP: 3/3
   590 | D:2      | Identified a scroll of acquirement
   590 | D:2      | Acquired the +2 hat of the Teaching Gods {rC+ Int+2}
  1201 | D:3      | Reached XP level 4. HP: 30/31 MP: 4/4
  1361 | D:3      | Found a sacrificial altar of Ru.
  1438 | D:3      | Noticed Grinder
  1440 | D:3      | Paralysed by Grinder for 5 turns
  1445 | D:3      | Found an opulent altar of Gozag.
  1454 | D:3      | Killed Grinder
  1455 | D:3      | Reached skill level 1 in Evocations
  1455 | D:3      | Reached skill level 1 in Shapeshifting
  1455 | D:3      | Reached XP level 5. HP: 21/37 MP: 3/5
  1455 | D:3      | Reached XP level 6. HP: 25/43 MP: 3/6
  2034 | D:4      | Noticed Robin
  2045 | D:4      | Killed Robin
  2057 | D:4      | Reached XP level 7. HP: 47/47 MP: 7/7
  2319 | D:4      | Noticed Pikel
  2383 | D:4      | Noticed Ijyb
  2397 | D:4      | Killed Ijyb
  2678 | D:4      | Slain by Pikel

Illustrated notes

Levels and vault maps discovered:
D:1:      psy_arrival_dodecagon, layout_rooms, serial_shops,
          nicolae_shop_pleasant_corner_grove,
          shapermc_ecumenical_altar_starsandcircs
D:2:      layout_basic
D:3:      layout_rooms, lemuel_round_altar, nicolae_ru_path_of_blood,
          chequers_serial_rivers_small_3, minivault_11, uniq_grinder
D:4:      layout_rooms, hangedman_glass_teeth, uniq_ijyb, uniq_pikel, uniq_robin

Skill      XL: |  1  2  3  4  5  6  7 |
---------------+----------------------+-----
Stealth        | 1 2 3 |  3.7
Unarmed Combat | 3 4 |  4.4
Evocations     | 1 2 |  2.1
Shapeshifting  | 1 |  1.8
Fighting       | 4 |  4.1
Shields        | 4 |  4.0
Dodging        | 4 |  4.0

Action                     |  1- 3 |  4- 6 |  7- 9 || total
---------------------------+-------+-------+-------++-------
  Melee: Unarmed           |    70 |    71 |    63 ||   204
         Constrict         |    17 |    19 |    12 ||    48
         Tentacles         |    10 |    13 |    13 ||    36
         Punch             |     1 |     1 |     2 ||     4
  Throw: Stone             |       |     1 |       ||     1
  Evoke: Wand              |       |     1 |       ||     1
    Use: Scroll            |    11 |     1 |     3 ||    15
         Potion            |       |     2 |     1 ||     3
   Stab: Sleeping          |     7 |     3 |     3 ||    13
         Distracted        |     1 |       |     1 ||     2
 Armour: Skin              |    24 |    20 |    42 ||    86
  Dodge: Dodged            |    22 |    24 |    24 ||    70
  Block: Buckler           |    10 |     8 |    12 ||    30
